Map: Lost and Found LE

Players

귀여운매직버블

  • Race: Terran Terran
  • League: Master
  • Spawn Location: 7:00

NORTHAMERICA - Winner!

  • Race: Protoss Protoss
  • League: Grandmaster
  • Spawn Location: 1:00

VOD

Have the link to the VOD?

Description

Time

  • Played on: June 26, 2018, 2:11 a.m.
  • Length: 9:44
Show
View Real Time Build Order
Export as new Build Order

귀여운매직버블 Terran 

Build Orders: Reaper Expand, MMM Bio 

Get SALT Encoding   

  12  0:00  SCV  
  13  0:12  SCV  
  14  0:17  Supply Depot  
  14  0:25  SCV  
  15  0:38  SCV  
  15  0:40  Barracks  
  16  0:44  Refinery  
  16  0:50  SCV  
  17  1:02  SCV  
  18  1:14  SCV  
  19  1:27  Orbital Command, Reaper  
  20  1:44  Command Center  
  20  1:52  Bunker  
  20  1:56  SCV  
  21  2:01  Barracks Reactor  
  21  2:09  Barracks, SCV  
  22  2:21  Supply Depot  
  22  2:24  SCV  
  23  2:39  Factory  
  23  2:40  Refinery  
  23  2:43  Marine x2  
  25  2:44  SCV  
  26  2:56  SCV  
  26  2:57  Barracks Tech Lab  
  27  3:03  Marine x2  
  27  3:05  Orbital Command  
  29  3:18  SCV  
  30  3:21  Stimpack, Marine  
  30  3:28  Marine x2  
  30  3:31  Starport, SCV  
  30  3:32  SCV  
  34  3:39  Factory Reactor  
  33  3:43  SCV  
  33  3:44  Bunker  
  33  3:45  Marine  
  33  3:47  SCV  
  36  3:50  Marine x2  
  36  3:55  Supply Depot  
  38  3:58  SCV  
  38  4:00  SCV  
  40  4:05  Marine  
  40  4:08  Marine x2  
  43  4:10  SCV  
  43  4:12  SCV  
  45  4:22  Medivac x2, SCV  
  45  4:23  Supply Depot  
  50  4:24  SCV  
  50  4:26  Marine  
  50  4:27  Marine  
  50  4:28  Marine  
  54  4:44  Marine  
  54  4:45  Marine, SCV x2  
  57  4:46  Marine  
  57  4:47  Supply Depot  
  57  4:48  Engineering Bay  
  59  5:00  SCV x2  
  59  5:02  Marine  
  59  5:05  Supply Depot  
  62  5:08  Marine x2  
  62  5:11  Supply Depot  
  64  5:18  Command Center  
  64  5:20  SCV  
  64  5:21  Combat Shields, Factory Tech Lab  
  65  5:24  Marine  
  65  5:27  Marine  
  56  5:55  Marine x3  
  56  5:56  SCV x2  
  57  5:59  Terran Infantry Weapons Level 1  
  57  6:00  Barracks  
  57  6:01  Barracks  
  57  6:03  Barracks  
  57  6:06  Siege Tank  
  57  6:07  Medivac x2  
  57  6:08  SCV  
  65  6:13  Marine x3, SCV  
  69  6:27  SCV  
  69  6:28  SCV  
  69  6:30  Refinery  
  69  6:31  Orbital Command  
  69  6:32  Refinery  
  71  6:39  SCV  
  72  6:41  SCV  
  72  6:43  Concussive Shells, Marauder, Marine  
  72  6:44  Marine  
  77  6:47  Barracks Tech Lab  
  77  6:48  Barracks Tech Lab  
  77  6:50  Barracks Tech Lab  
  77  6:52  Orbital Command  
  77  6:53  SCV x2  
  79  7:04  Marauder, Marine x2  
  79  7:05  SCV  
  84  7:10  Factory Reactor  
  84  7:13  Supply Depot x2  
  84  7:15  Supply Depot, Marauder x2  
  90  7:16  Marauder  
  90  7:19  SCV  
  90  7:20  SCV  
  90  7:21  SCV  
  93  7:23  Medivac  
  93  7:24  Medivac  
  93  7:28  Marauder, Marine x2  
  101  7:35  SCV  
  101  7:36  Marauder x2  
  108  7:37  Marauder  
  108  7:47  Marine x2  
  108  7:49  Widow Mine x2  
  108  7:51  SCV x3  
  117  7:53  Medivac  
  117  7:54  Supply Depot, Medivac  
  117  7:56  Supply Depot  
  121  7:59  Supply Depot  
  121  8:02  Marauder x2  
  121  8:03  Marauder  
  127  8:10  Marauder  
  127  8:11  Marine x2  
  131  8:15  SCV x2  
  131  8:16  SCV  
  131  8:19  Factory Tech Lab  
  88  8:56  Marauder  
  88  8:57  Marauder x2  
  67  9:20  Marauder x3  
Show
View Real Time Build Order
Export as new Build Order

NORTHAMERICA Protoss - Winner!

Build Orders: 1 Gate Expand, Blink Stalkers 

Get SALT Encoding   

  12  0:00  Probe  
  13  0:13  Probe  
  14  0:17  Pylon  
  14  0:25  Probe  
  15  0:35  Probe  
  15  0:39  Gateway  
  16  0:43  Probe  
  17  0:50  Assimilator  
  17  0:53  Probe  
  18  1:05  Probe  
  19  1:17  Probe  
  20  1:25  Nexus  
  20  1:34  Cybernetics Core  
  20  1:36  Probe  
  21  1:47  Assimilator  
  21  1:48  Probe  
  22  1:59  Pylon  
  22  2:00  Probe  
  23  2:07  Stalker  
  23  2:17  Probe, Warp Gate  
  26  2:29  Probe, Stalker  
  26  2:38  Probe  
  26  2:41  Probe  
  26  2:43  Shield Battery  
  30  2:50  Probe  
  31  2:53  Twilight Council, Probe  
  31  2:55  Stalker  
  32  3:02  Probe  
  35  3:06  Probe  
  36  3:14  Probe  
  36  3:18  Probe  
  38  3:21  Blink  
  38  3:25  Stalker  
  38  3:26  Probe x2  
  42  3:35  Probe  
  42  3:39  Probe  
  44  3:45  Probe  
  45  3:50  Probe  
  46  3:56  Robotics Facility  
  46  4:02  Pylon  
  46  4:08  Pylon  
  46  4:11  Gateway  
  46  4:13  Gateway  
  46  4:20  Probe x2, Assimilator  
  46  4:22  Assimilator  
  48  4:24  Sentry  
  48  4:26  Pylon  
  50  4:32  Probe  
  50  4:35  Probe  
  52  4:45  Probe  
  53  4:46  Observer  
  53  4:47  Probe  
  55  4:53  Robotics Bay, Zealot  
  55  4:57  Probe, Gateway  
  55  4:58  Gateway  
  55  4:59  Probe  
  59  5:05  Pylon  
  59  5:08  Observer  
  59  5:09  Probe  
  61  5:18  Pylon  
  61  5:23  Probe  
  61  5:26  Stalker x3  
  61  5:50  Disruptor, Stalker x2  
  61  5:51  Stalker  
  65  5:58  Probe  
  65  6:02  Probe  
  70  6:10  Nexus  
  70  6:11  Pylon  
  70  6:12  Sentry  
  70  6:14  Probe  
  70  6:15  Probe  
  74  6:20  Disruptor  
  74  6:22  Dark Shrine  
  74  6:23  Pylon  
  74  6:26  Stalker x2  
  74  6:30  Probe  
  82  6:35  Probe  
  82  6:36  Shield Battery  
  83  6:41  Forge  
  83  6:42  Gateway  
  83  6:46  Disruptor  
  83  6:48  Probe  
  83  6:49  Probe  
  85  6:56  Stalker x3  
  85  7:01  Probe  
  95  7:05  Probe  
  96  7:10  Stalker x2  
  96  7:12  Disruptor  
  100  7:18  Probe  
  100  7:20  Protoss Ground Weapons Level 1, Probe  
  100  7:22  Assimilator  
  105  7:25  Assimilator, Probe  
  106  7:30  Probe  
  106  7:32  Probe  
  106  7:35  Pylon  
  108  7:37  Probe  
  108  7:43  Probe  
  110  7:46  Probe  
  110  7:49  Probe  
  111  7:53  Dark Templar  
  111  7:54  Dark Templar  
  115  7:59  Nexus  
  115  8:00  Dark Templar  
  117  8:07  Disruptor, Nexus  
  120  8:13  Stalker x2  
  120  8:19  Pylon  
  124  8:20  Pylon  
  124  8:33  Dark Templar  
  122  8:43  Disruptor  
  121  8:52  Dark Templar, Stalker  
  121  8:53  Stalker x3  
  97  9:11  Stalker  
  95  9:21  Dark Templar  
  100  9:24  Zealot x3  
  100  9:25  Zealot  
  103  9:39  Zealot  
Tags
 
Add a new tag
Caveats
  • Supply blocks, unpowered buildings, or Contaminate may cause inaccurate times.
  • Supply counts are checked every 10 seconds.